 Dungeon Crawl Stone Soup version 0.28-a0-479-g5baa6b73be (webtiles) character file.

Game seed: 9461258798054443664

273 BibaBloba the Chopper (level 6, -3/67 HPs)
             Began as an Ogre Berserker on Sept 18, 2021.
             Was a Believer of Trog.
             Killed from afar by an orc wizard (7 damage)
             ... with a magic dart
             ... on level 3 of the Dungeon.
             The game lasted 00:10:01 (3484 turns).

BibaBloba the Chopper (Ogre Berserker)              Turns: 3484, Time: 00:10:01

Health: -3/67      AC:  3    Str: 24    XL:     6   Next: 24%
Magic:  6/6        EV: 10    Int:  8    God:    Trog [**....]
Gold:   134        SH:  0    Dex:  8    Spells: 5/5 levels left

rFire   . . .      SeeInvis .   a - +0 hand axe
rCold   . . .      Faith    .   (no shield)
rNeg    . . .      Spirit   .   k - +0 robe
rPois   .          Reflect  .   (helmet restricted)
rElec   .          Harm     .   (no cloak)
rCorr   .          Rampage  .   (gloves unavailable)
Will    .....                   (boots unavailable)
Stlth   +.........              (no amulet)
HPRegen 0.21/turn               (no ring)
MPRegen 0.10/turn               (no ring)

@: on berserk cooldown
A: large, unfitting armour, tough skin 1
a: Renounce Religion, Berserk, Trog's Hand


You were on level 3 of the Dungeon.
You worshipped Trog.
Trog was pleased with you.
You visited 1 branch of the dungeon, and saw 3 of its levels.

You collected 134 gold pieces.

Inventory:

Hand Weapons
 a - a +0 hand axe (weapon)
 j - a +0 mace
Armour
 b - a +0 animal skin
 k - a +0 robe (worn)
Jewellery
 i - a ring of poison resistance
Wands
 l - a wand of flame (17)
Scrolls
 c - a scroll of enchant armour {unknown}
 d - 2 scrolls of teleportation {unknown}
 e - a scroll of holy word {unknown}
 f - 2 scrolls of identify {unknown}
 g - a scroll of fear {unknown}
Potions
 h - a potion of degeneration {unknown}


   Skills:
 * Level 5.9 Fighting
 * Level 5.9 Axes
 - Level 2.6 Dodging


You had 5 spell levels left.
You didn't know any spells.
Your spell library was empty.

Dungeon Overview and Level Annotations

Branches:
Dungeon (3/15)

Altars:
Wu Jian


Innate Abilities, Weirdness & Mutations

You are too large for most types of armour.
You have tough skin. (AC +1)


Message History

You miss something. Something hits you.
You miss something.
You feel less confused. Something hits you but does no damage.
Something hits you.
You miss something. Something hits you.
You hit something.
You hear some strange, mumbled words.
Something tries to affect you, but you resist.
Something hits you but does no damage.
You barely miss something. Something hits you.
You closely miss something.
You hear some strange, mumbled words.
A magic dart appears from out of thin air!
The magic dart hits you. Something hits you.
You hit something. Something hits you but does no damage.
You miss something. Something hits you.
You hear some strange, mumbled words.
A puff of flame appears from out of thin air!
The puff of flame hits you!
* * * LOW HITPOINT WARNING * * *
You hit something. Something hits you.
* * * LOW HITPOINT WARNING * * *
You miss something. Something hits you.
* * * LOW HITPOINT WARNING * * *
Something hits you but does no damage.
You miss something. Something completely misses you.
You completely miss something. Something hits you.
* * * LOW HITPOINT WARNING * * *
Something hits you.
* * * LOW HITPOINT WARNING * * *
You closely miss something.
You feel yourself speed up. Something hits you but does no damage.
You closely miss something. Something hits you.
* * * LOW HITPOINT WARNING * * *
You hit something.
You hear some strange, mumbled words.
A magic dart appears from out of thin air!
The magic dart hits you!
You die...

####### #......
###########.....
###≈≈§§≈≈≈≈≈#.....
#...§§............
#.#§§≈≈≈≈≈≈≈#...>.
#.###########.....
#.# #...... #@#
#...... #{#
#..>... #o#
#...... #.#
####### #.# #.#
#.# #.#
#.################


You could see an orc.

Vanquished Creatures
  A necrophage (D:3)
  2 hounds (D:3)
  An orc priest (D:3)
  2 adders (D:3)
  A worm (D:3)
  5 dart slugs
  2 orcs (D:3)
  8 ball pythons
  8 endoplasms
  3 giant cockroaches
  5 goblins
  5 hobgoblins
  3 jackals
  2 quokkas (D:2)
  5 bats
  4 frilled lizards
  3 kobolds
  6 rats
66 creatures vanquished.

Notes
Turn   | Place    | Note
-------+----------+-------------------------------------------
     0 | D:1      | BibaBloba the Ogre Berserker began the quest for the Orb.
     0 | D:1      | Reached XP level 1. HP: 24/24 MP: 1/1
   228 | D:1      | Reached XP level 2. HP: 33/33 MP: 2/2
   356 | D:1      | Found a faded altar of an unknown god.
   687 | D:1      | Reached XP level 3. HP: 40/40 MP: 3/3
  1691 | D:2      | Found an ornate altar of the Wu Jian Council.
  1773 | D:2      | Reached ** piety under Trog
  2387 | D:3      | Reached XP level 4. HP: 49/49 MP: 4/4
  2388 | D:3      | Reached skill level 5 in Fighting
  2409 | D:3      | Noticed a necrophage
  2420 | D:3      | Killed a necrophage
  2421 | D:3      | Reached skill level 5 in Axes
  2421 | D:3      | Reached XP level 5. HP: 34/57 MP: 5/5
  3111 | D:3      | Reached XP level 6. HP: 65/67 MP: 6/6
  3483 | D:3      | HP: 3/67 [something (2)]
  3484 | D:3      | Killed from afar by an orc wizard

Illustrated notes

Levels and vault maps discovered:
D:1:      nagdon_arrival_double_spiral, layout_basic,
          dreamdust_ecumenical_altar_grove
D:2:      layout_loops_ring, basic_altar
D:3:      layout_rooms, amcnicky_mini_rare_corridor_liquid,
          minmay_misc_feat_secret_circle, supply_closet_lemuel, minmay_mini_jars

Skill      XL: |  1  2  3  4 |
---------------+-------------+-----
Axes           | 4 5 |  5.9
Fighting       | 5 |  5.9
Dodging        | |  2.6

Action                   |  1- 3 |  4- 6 || total
-------------------------+-------+-------++-------
Melee: Hand axe          |   107 |    87 ||   194
Invok: Berserk           |    12 |     6 ||    18
 Stab: Sleeping          |     1 |       ||     1
Armor: Animal skin       |    34 |    13 ||    47
       Robe              |       |    10 ||    10
Dodge: Dodged            |    56 |    32 ||    88

Table legend: (Time is in decaauts)
 A = Elapsed time spent in this place.
 B = Non-inter-level travel time spent in this place.
 C = Inter-level travel time spent in this place.
 D = Time resting spent in this place.
 E = Time spent auto-exploring this place.
 F = Levels seen in this place.
 G = Mean time per level.
                   A        B        C        D        E       F      G
               +--------+--------+--------+--------+--------+-----+--------+
         Total |   3676 |   3560 |    116 |   1553 |   1420 |   3 | 1225.3 |
       Dungeon |   3676 |   3560 |    116 |   1553 |   1420 |   3 | 1225.3 |
               +--------+--------+--------+--------+--------+-----+--------+

Top non-repeatable levels by time:
     D:1: 1237 daAuts
     D:3: 1234 daAuts
     D:2: 1204 daAuts
